 Dungeon Crawl Stone Soup version 0.29-a0-819-g94b489e0ae (webtiles) character file.

Game seed: 8456770097725851737

5 Zeld the Insei (level 1, 8/13 HPs)
             Began as an Octopode Transmuter on July 6, 2022.
             Quit the game on level 1 of the Dungeon.
             The game lasted 00:00:35 (319 turns).

Zeld the Insei (Octopode Transmuter)                 Turns: 319, Time: 00:00:35

Health: 8/13       AC:  1    Str:  9    XL:     1   Next: 80%
Magic:  3/3        EV: 13    Int: 15    God:
Gold:   8          SH:  0    Dex: 12    Spells: 3/4 levels left

rFire   . . .      SeeInvis .     - Unarmed
rCold   . . .      Faith    .   (no shield)
rNeg    . . .      Spirit   .   (helmet restricted)
rPois   .          Reflect  .   (no amulet)
rElec   .          Harm     .   (no ring)
rCorr   .          Rampage  .   (no ring)
Will    .....                   (no ring)
Stlth   ++........              (no ring)
HPRegen 0.04/turn               (no ring)
MPRegen 0.08/turn               (no ring)
                                (no ring)
                                (no ring)

@: no status effects
A: almost no armour, amphibious, 8 rings, camouflage 1, gelatinous body 1,
(nimble swimmer 1), tentacles
a: no special abilities


You were on level 1 of the Dungeon.
You visited 1 branch of the dungeon, and saw 1 of its levels.

You collected 8 gold pieces.

Inventory:

Potions
 a - a potion of lignification


   Skills:
 + Level 1.1 Fighting
 + Level 2.0 Dodging
 * Level 3.1 Unarmed Combat
 + Level 2.0 Spellcasting
 * Level 2.1 Transmutations


You had 3 spell levels left.
You knew the following spells:

 Your Spells              Type           Power      Damage    Failure   Level
a - Beastly Appendage     Tmut           16%        N/A       9%          1

Your spell library contained the following spells:

 Spells                   Type           Power      Damage    Failure   Level
 Wereblood                Tmut           8%         N/A       14%         2
 Spider Form              Tmut/Pois      4%         N/A       38%         3
 Ice Form                 Ice/Tmut       4%         N/A       80%         4


Dungeon Overview and Level Annotations

Branches:
Dungeon (1/15)

Altars:


Innate Abilities, Weirdness & Mutations

You cannot wear most types of armour.
You are amphibious.
You can wear up to eight rings at the same time.
Your skin changes colour to match your surroundings (Stealth+).
Your rubbery body absorbs attacks. (AC +1, EV +1)
((You are camouflaged when in or above water. (Stealth+)))
You have tentacles for arms and can constrict up to eight enemies at once.


Message History

Nothing appears to happen.
The kobold hits you with a +0 dagger.
You barely miss the kobold. You grab the kobold.
You constrict the kobold, but do no damage.
The ball python misses you. The ball python barely misses you.
The kobold hits you with a +0 dagger. The ball python closely misses you.
The ball python barely misses you.
You completely miss the kobold.
You constrict the kobold, but do no damage.
The kobold closely misses you. The ball python barely misses you.
The ball python closely misses you.
You tentacle-slap the kobold.
You kill the kobold!
The ball python closely misses you. The ball python grabs you.
The ball python constricts you.
You closely miss the ball python. Your grab misses the ball python.
Your squeeze misses the ball python. The ball python closely misses you.
The ball python constricts you.
You closely miss the ball python. You grab the ball python.
You squeeze the ball python.
The ball python is moderately wounded.
You constrict the ball python. The ball python closely misses you.
The ball python constricts you.
Your magical contamination has completely faded away.
You are too injured to fight recklessly!
You tentacle-slap the ball python.
You kill the ball python!
You start resting.
Magic restored.
You start resting.
A kobold comes into view. It is wielding a +0 whip.
Things that are here:
a +0 dagger; a kobold corpse
Things that are here:
a +0 dagger; a goblin corpse
There is an open door, spattered with blood here.
You start resting.
A kobold is nearby!
A kobold is nearby!
Are you sure you want to abandon this character and quit the game? (Confirm with "yes".)

#... #....#
#....###K...####
#.)........###
#.†...........
#...........#
#.....)...>.#
######'####.#
#########.####.#
.......@......>#
#########.####.#
#.# ##.#
######.##...#
#.......#...#
#.......#...#
#.......#...#
######...###.....#
#........# ##....#


There were no monsters in sight!

Vanquished Creatures
  An endoplasm (D:1)
  A goblin (D:1)
  2 kobolds (D:1)
  A ball python (D:1)
5 creatures vanquished.

Notes
Turn   | Place    | Note
-------+----------+-------------------------------------------
     0 | D:1      | Zeld the Octopode Transmuter began the quest for the Orb.
     0 | D:1      | Reached XP level 1. HP: 13/13 MP: 3/3
   319 | D:1      | Quit the game

Illustrated notes

Levels and vault maps discovered:
D:1:      tarquinn_simple_flora_water_e, layout_basic

Action                   || total
-------------------------++-------
Melee: Unarmed           ||    10
       Constrict         ||     3
       Tentacles         ||     3
       Kick              ||     1
 Cast: Beastly Appendage ||     3
 Stab: Sleeping          ||     1
Dodge: Dodged            ||    12

Table legend: (Time is in decaauts)
 A = Elapsed time spent in this place.
 B = Non-inter-level travel time spent in this place.
 C = Inter-level travel time spent in this place.
 D = Time resting spent in this place.
 E = Time spent auto-exploring this place.
 F = Levels seen in this place.
 G = Mean time per level.
                   A        B        C        D        E       F      G
               +--------+--------+--------+--------+--------+-----+--------+
         Total |    318 |    318 |      0 |     53 |    209 |   1 |  318.0 |
       Dungeon |    318 |    318 |      0 |     53 |    209 |   1 |  318.0 |
               +--------+--------+--------+--------+--------+-----+--------+

Top non-repeatable levels by time:
     D:1: 318 daAuts
